 Dungeon Crawl Stone Soup version 0.22-a0-848-ge9e22a0 (webtiles) character file.

952 KarmaPolice the Cutter (level 7, 0/56 HPs)
             Began as a Vampire Assassin on July 20, 2018.
             Succumbed to a water moccasin's poison
             ... on level 6 of the Dungeon on July 26, 2018.
             The game lasted 00:39:11 (10443 turns).

KarmaPolice the Cutter (Vampire Assassin)          Turns: 10443, Time: 00:39:12

Health: 0/56       AC:  4    Str: 17    XL:     7   Next: 90%
Magic:  7/7        EV: 12    Int: 13    God:
Gold:   43         SH:  0    Dex: 18    Spells: 6/6 levels left

rFire    . . .     SeeInvis +   u - +1 whip (elec)
rCold    + . .     Gourm    .   (no shield)
rNeg     + + .     Faith    .   c - +0 robe
rPois    +         Spirit   .   s - +0 helmet
rElec    .         Reflect  .   d - +0 cloak
rCorr    .         Harm     .   (no gloves)
MR       .....                  (no boots)
Stlth    ++++......             (no amulet)
HPRegen  0.09/turn              w - +2 ring of dexterity
MPRegen  0.10/turn              (no ring)

@: mighty, lethally poisoned (0 -> -8), flying, regenerating slowly
A: fangs 3, see invisible, unbreathing
a: Bat Form


You were on level 6 of the Dungeon.
You were thirsty.

You visited 1 branch of the dungeon, and saw 6 of its levels.

You collected 199 gold pieces.
You spent 156 gold pieces at shops.

Inventory:

Hand Weapons
 a - a +2 dagger
 b - a +0 blowgun
 u - a +1 whip of electrocution (weapon)
Missiles
 j - 2 needles of frenzy
 o - a throwing net (quivered)
 t - 6 poisoned needles
Armour
 c - a +0 robe (worn)
 d - a +0 cloak (worn)
 s - a +0 helmet (worn)
Jewellery
 w - a +2 ring of dexterity (left hand)
Scrolls
 h - 4 scrolls of magic mapping
 i - 3 scrolls of identify
 k - 5 scrolls of remove curse
 m - 3 scrolls of teleportation {unknown}
 n - 2 scrolls of immolation {unknown}
 q - 4 scrolls of fog {unknown}
Potions
 g - 7 potions of blood
 l - a potion of mutation {unknown}
 p - a potion of resistance {unknown}
 r - a potion of lignification {unknown}
 v - a potion of agility {unknown}
 x - a potion of magic


   Skills:
 + Level 5.2 Fighting
 + Level 6.3 Short Blades
 - Level 2.8 Throwing
 + Level 2.8 Armour
 - Level 1.1 Dodging
 - Level 5.8 Stealth


You had 6 spell levels left.
You didn't know any spells.
Your spell library was empty.

Dungeon Overview and Level Annotations

Branches:
Dungeon (6/15)
 Temple: D:4-7

Altars:
Makhleb
Okawaru
Qazlal
Sif Muna
Wu Jian
Zin

Shops:
D:5 !


Innate Abilities, Weirdness & Mutations

You heal slowly.
You have razor-sharp teeth.
You have supernaturally acute eyesight. (SInv)
You can survive without breathing.


Message History

* * * LOW HITPOINT WARNING * * *
The water moccasin barely misses you.
You hit the water moccasin.
Lightning courses through the water moccasin!
The water moccasin is almost dead.
* * * LOW HITPOINT WARNING * * *
You feel sick.
The water moccasin bites you but does no damage.
You barely miss the water moccasin.
You kill the water moccasin!
* * * LOW HITPOINT WARNING * * *
You feel sick.
Things that are here:
a needle of frenzy; a water moccasin corpse
Okay, then.
Use e to drain blood from corpses.
It was a potion of flight.
You feel very buoyant.
You fly up into the air.
You die...

.)........
#.......$#
##......$.##
#..........#
#..........#
#..........#
#..........#
#....@.....#
##........##
##...<((##
########


There were no monsters in sight!

Vanquished Creatures
  A water moccasin (D:6)
  A sky beast (D:5)
  2 phantoms (D:4)
  2 centaurs (D:5)
  2 orc priests (D:4)
  2 iron imps (D:4)
  A centaur skeleton (D:4)
  2 iguanas (D:5)
  Robin (D:3)
  4 gnolls
  7 adders
  An ooze (D:3)
  An adder zombie (D:5)
  2 worms
  3 dart slugs
  2 leopard geckos
  4 orcs (D:4)
  A ball python (D:2)
  3 bats
  5 giant cockroaches
  12 goblins
  11 hobgoblins
  12 jackals
  3 quokkas
  7 frilled lizards
  A jackal skeleton (D:3)
  13 kobolds
  7 rats
113 creatures vanquished.

Vanquished Creatures (others)
  A plant (D:3)
1 creature vanquished.

Grand Total: 114 creatures vanquished

Notes
Turn   | Place    | Note
-------+----------+-------------------------------------------
     0 | D:1      | KarmaPolice the Vampire Assassin began the quest for the Orb.
     0 | D:1      | Reached XP level 1. HP: 16/16 MP: 1/1
   457 | D:1      | Reached XP level 2. HP: 22/22 MP: 2/2
  1041 | D:1      | Reached XP level 3. HP: 23/28 MP: 3/3
  1525 | D:2      | Reached skill level 3 in Short Blades
  1873 | D:2      | Found a deep blue altar of Sif Muna.
  2059 | D:2      | Found an ornate altar of the Wu Jian Council.
  2261 | D:3      | Noticed Robin
  2276 | D:2      | Reached XP level 4. HP: 13/34 MP: 4/4
  3127 | D:2      | Upgraded the game from 0.22-a0-614-g34fbaa0 to 0.22-a0-830-gf552829
  3785 | D:3      | HP: 1/34 [gnoll/spear (6)]
  4768 | D:2      | Upgraded the game from 0.22-a0-830-gf552829 to 0.22-a0-834-g05cf915
  4776 | D:3      | Killed Robin
  4776 | D:3      | Reached XP level 5. HP: 28/41 MP: 5/5
  5252 | D:3      | Reached skill level 4 in Short Blades
  5912 | D:4      | Noticed a phantom
  5947 | D:4      | Killed a phantom
  5947 | D:4      | Reached XP level 6. HP: 41/48 MP: 6/6
  7027 | D:4      | Reached skill level 5 in Short Blades
  7339 | D:4      | Reached skill level 1 in Armour
  7690 | D:4      | Found a burning altar of Makhleb.
  8080 | D:4      | Reached XP level 7. HP: 23/55 MP: 7/7
  8413 | D:4      | Found an iron altar of Okawaru.
  8656 | D:5      | Entered Level 5 of the Dungeon
  9486 | D:5      | Reached skill level 6 in Short Blades
  9835 | D:5      | Reached skill level 5 in Fighting
  9836 | D:5      | Found Sucawoc's Distillery.
  9843 | D:5      | Bought a potion of magic for 96 gold pieces
  9843 | D:5      | Bought a potion of degeneration for 12 gold pieces
  9843 | D:5      | Bought a potion of might for 48 gold pieces
 10041 | D:5      | Found a stormy altar of Qazlal.
 10250 | D:5      | Upgraded the game from 0.22-a0-834-g05cf915 to 0.22-a0-848-ge9e22a0
 10340 | D:5      | Found a glowing silver altar of Zin.
 10440 | D:6      | HP: 2/56 [poisoned by a water moccasin]
 10443 | D:6      | Succumbed to a water moccasin's poison

Vault maps used:
D:1:      onia_arrival_mini_maze
D:2:      led_sif_pool, lemuel_crystal_altar
D:3:      corexii_shack, minmay_misc_feat_enclosed, uniq_robin
D:4:      demons_altar, kennysheep_mini_moat
D:5:      zin_statuary, nicolae_overflow_crystal_walls, serial_shops,
          nicolae_shop_stone, first_ration
D:6:      temple_doors_ab, ebering_ghost_sewer_f, serial_shops,
          nicolae_shop_behind_doors, mrwooster_statue_mirror,
          hangedman_decor_clover_reticule

Skill      XL: |  1  2  3  4  5  6  7 |
---------------+----------------------+-----
Fighting       | 2 3 4 5 |  5.2
Throwing       | 2 |  2.8
Short Blades   | 3 4 5 6 |  6.3
Armour         | 1 2 |  2.8
Dodging        | |  1.1
Stealth        | |  5.8

Action                   |  1- 3 |  4- 6 |  7- 9 || total
-------------------------+-------+-------+-------++-------
Melee: Dagger            |   124 |   128 |       ||   252
       Bite              |     7 |    22 |    10 ||    39
       Unarmed           |    10 |     2 |       ||    12
       Whip              |       |    99 |    53 ||   152
 Fire: Blowgun           |       |    19 |    28 ||    47
 Abil: End Transformatio |    10 |    16 |     9 ||    35
       Bat Form          |    10 |    16 |     9 ||    35
  Use: Potion            |       |    12 |     6 ||    18
       Scroll            |       |       |     3 ||     3
 Stab: Sleeping          |    21 |     6 |     3 ||    30
  Eat: Corpse            |     2 |       |       ||     2
Armor: Robe              |    18 |    45 |    12 ||    75
Dodge: Dodged            |    79 |   152 |    47 ||   278

Table legend:
 A = Spawn XP
 B = Non-spawn XP
 C = Spawn XP percentage of total XP
 D = Spawn monster count
 E = Non-spawn monster count
 F = Spawn count percentage of total count
 G = Total turns spent on level
                    A         B        C        D         E        F      G
               +---------+---------+-------+---------+---------+-------+---------
         Total |       0 |    1361 |   0.0 |       0 |     113 |   0.0 | 10443
               +---------+---------+-------+---------+---------+-------+---------
           D:1 |       0 |      45 |   0.0 |       0 |      27 |   0.0 |  1798
           D:2 |       0 |      73 |   0.0 |       0 |      27 |   0.0 |  2272
           D:3 |       0 |     146 |   0.0 |       0 |      25 |   0.0 |  1761
           D:4 |       0 |     507 |   0.0 |       0 |      22 |   0.0 |  2825
           D:5 |       0 |     439 |   0.0 |       0 |      11 |   0.0 |  1763
           D:6 |       0 |     151 |   0.0 |       0 |       1 |   0.0 |    24
               +---------+---------+-------+---------+---------+-------+---------
